 Dungeon Sprint DCSS version 0.23.2-1-ga50397a6bc (webtiles) character file.

Game seed: 1402242232613203034

3514 Kobolds4U the Unseen (level 9, 0/79 HPs)
             Began as a Spriggan Assassin on May 21, 2019.
             Was an Initiate of Ru.
             Slain by a bat (1 damage)
             ... summoned by a boggart
             ... in the Dungeon (Sprint I: "Red Sonja").
             The game lasted 00:05:10 (672 turns).

Kobolds4U the Unseen (Spriggan Assassin)             Turns: 672, Time: 00:05:10

Health: 0/79       AC: -5    Str: 12    XL:     9   Next: 81%
Magic:  10/10      EV: 33    Int: 12    God:    Ru [......]
Gold:   631        SH:  0    Dex: 21    Spells: 8/8 levels left

rFire    . . .     SeeInvis +   a - +2 dagger
rCold    . . .     Gourm    .   (shield restricted)
rNeg     . . .     Faith    .   c - +0 robe
rPois    .         Spirit   .   (helmet restricted)
rElec    .         Reflect  .   d - +0 cloak
rCorr    .         Harm     .   (gloves unavailable)
MR       +....     NoTele   +   (boots unavailable)
Stlth    ..........             (no amulet)
HPRegen  0.23/turn              m - ring of see invisible
MPRegen  0.12/turn              (no ring)

@: berserking, corroded, hasted, very quick
A: very small, unfitting armour, see invisible, herbivore, speed 3, slow
metabolism 2
a: Sacrifice Skill, Sacrifice Essence, Sacrifice Resistance, Reject Sacrifices,
Renounce Religion


You were in the Dungeon.
You worshipped Ru.
Ru was noncommittal.
You were not hungry.

You visited 1 branch You collected 631 gold pieces.

Inventory:

Hand Weapons
 a - a +2 dagger (weapon)
 b - a +0 blowgun
Missiles
 e - 8 poisoned needles
 f - 2 curare-tipped needles
Armour
 c - a +0 robe (worn)
 d - a +0 cloak (worn)
Jewellery
 m - a ring of see invisible (left hand)
Wands
 n - a wand of polymorph (2)
Potions
 h - a potion of curing
 k - 2 potions of magic
Comestibles
 g - a ration


   Skills:
 + Level 9.3 Fighting
 + Level 9.1 Short Blades
 - Level 6.7 Throwing
 + Level 15.9 Dodging
 - Level 19.0 Stealth


You had 8 spell levels left.
You didn't know any spells.
Your spell library was empty.

Dungeon Overview and Level Annotations

Branches:
Dungeon (1/1)

Altars:
Cheibriados
Dithmenos
Elyvilon
Fedhas
Gozag
Hepliaklqana
Kikubaaqudgha
Makhleb
Nemelex Xobeh
Okawaru
Qazlal
Ru
Sif Muna
Trog
Uskayaw
Vehumet
Wu Jian
Xom
Yredelemnul
Zin
The Shining One
Jiyva
Lugonu

Shops:
D [


Innate Abilities, Weirdness & Mutations

You are very small and have problems with some larger weapons.
You are too small for most types of armour.
You have supernaturally acute eyesight. (SInv)
You are a herbivore.
You cover ground extremely quickly.
You need to consume almost no food.


Message History

You are splashed with acid!
* * * LOW HITPOINT WARNING * * *
You feel yourself speed up. The bat completely misses you.
The jelly completely misses you.
A red film seems to cover your vision as you go berserk!
You feel yourself moving faster!
You feel mighty! The bat misses you. The jelly completely misses you.
You puncture the jelly!
Your hands burn!
* * * LOW HITPOINT WARNING * * *
The jelly is severely wounded.
You hear a distant slurping noise.
You puncture the jelly!
You kill the jelly!
The boggart hits you.
* * * LOW HITPOINT WARNING * * *
The bat misses you.
You hit the boggart.
The boggart is lightly wounded.
The bat hits you.
You die...

###################
#<.#.[...#.)J..#__#
#.g...#.)J..#..'^.+
#.@#####'#####'#__#
#b.####..#...#J####
#..#__####..##.#≈≈§
#..#_____##'#_.§§§≈
#⌠⌠#_.∩...'..._#≈§§
####_..__##_.#'##+#
#_____###+#(#
####### ###


You could see a boggart (invisible) and a bat.

Vanquished Creatures
  2 centaur warriors (D)
  An oklob plant (D)
  2 kobold demonologists (D)
  A hornet (D)
  A slime creature (D)
  Sigmund (D)
  2 redbacks (D)
  A yak (D)
  2 floating eyes (D)
  An ogre (D)
  2 jellies (D)
  Ijyb (D)
17 creatures vanquished.

Notes
Turn   | Place    | Note
-------+----------+-------------------------------------------
     0 | D        | Kobolds4U the Spriggan Assassin began the quest for the
                  | Orb.
     0 | D        | Reached XP level 1. HP: 10/10 MP: 2/2
     1 | D        | Noticed Ijyb
     4 | D        | Killed Ijyb
     4 | D        | Reached skill level 9 in Stealth
     4 | D        | Reached XP level 2. HP: 14/14 MP: 3/3
     6 | D        | Noticed an ogre
     9 | D        | Killed an ogre
     9 | D        | Reached skill level 12 in Stealth
     9 | D        | Reached XP level 3. HP: 18/18 MP: 4/4
     9 | D        | Reached XP level 4. HP: 22/22 MP: 5/5
    19 | D        | Noticed Sigmund
    22 | D        | Killed Sigmund
    22 | D        | Reached skill level 10 in Dodging
    22 | D        | Reached skill level 15 in Stealth
    22 | D        | Reached XP level 5. HP: 25/25 MP: 6/6
    34 | D        | Found an ornate altar of the Wu Jian Council.
    34 | D        | Found a deep blue altar of Sif Muna.
    36 | D        | Found a radiant altar of Vehumet.
    40 | D        | Reached XP level 6. HP: 30/30 MP: 7/7
    63 | D        | Found Vuutuec's Armour Emporium.
    63 | D        | Found an ancient bone altar of Kikubaaqudgha.
    63 | D        | Found a hazy altar of Hepliaklqana.
    63 | D        | Found a hide-covered altar of Uskayaw.
    63 | D        | Found a basalt altar of Yredelemnul.
    63 | D        | Found an opulent altar of Gozag.
    63 | D        | Found a snail-covered altar of Cheibriados.
    63 | D        | Found a sacrificial altar of Ru.
    63 | D        | Found a shadowy altar of Dithmenos.
    63 | D        | Noticed a yak
    64 | D        | Found a stormy altar of Qazlal.
    64 | D        | Found a blossoming altar of Fedhas.
    64 | D        | Found a bloodstained altar of Trog.
    64 | D        | Found an iron altar of Okawaru.
    64 | D        | Found a glowing golden altar of the Shining One.
    64 | D        | Found a glowing silver altar of Zin.
    64 | D        | Found a white marble altar of Elyvilon.
    65 | D        | Killed a yak
    65 | D        | Reached skill level 17 in Stealth
    66 | D        | Found a sparkling altar of Nemelex Xobeh.
    72 | D        | Became a worshipper of Ru the Awakened
    84 | D        | Found a viscous altar of Jiyva.
    84 | D        | Found a corrupted altar of Lugonu.
    84 | D        | Noticed a slime creature
    85 | D        | Found a burning altar of Makhleb.
    85 | D        | Found a shimmering altar of Xom.
    87 | D        | Killed a slime creature
    87 | D        | Reached skill level 18 in Stealth
    87 | D        | Reached XP level 7. HP: 33/33 MP: 8/8
    99 | D        | Noticed a kobold demonologist
   100 | D        | Noticed a kobold demonologist
   102 | D        | Reached skill level 5 in Throwing
   104 | D        | Killed a kobold demonologist
   106 | D        | Killed a kobold demonologist
   106 | D        | Reached skill level 5 in Fighting
   106 | D        | Reached XP level 8. HP: 44/44 MP: 9/9
   109 | D        | Noticed a demonic crawler
   109 | D        | Noticed a demonic crawler
   109 | D        | Noticed a demonic crawler
   109 | D        | Noticed a demonic crawler
   448 | D        | Noticed a centaur warrior
   450 | D        | Noticed a centaur warrior
   452 | D        | Killed a centaur warrior
   452 | D        | Reached skill level 5 in Short Blades
   453 | D        | Killed a centaur warrior
   453 | D        | Reached skill level 15 in Dodging
   453 | D        | Reached XP level 9. HP: 53/53 MP: 10/10
   476 | D        | Noticed an oklob plant
   478 | D        | Killed an oklob plant
   478 | D        | Reached skill level 19 in Stealth
   669 | D        | HP: 1/79 [acid (5)]
   672 | D        | Slain by a bat

Skill      XL: |  1  2  3  4  5  6  7  8  9 |
---------------+----------------------------+-----
Dodging        | 4 7 10 12 13 15 | 15.9
Stealth        | 9 12 15 18 19 | 19.0
Throwing       | 4 6 |  6.7
Fighting       | 5 9 |  9.3
Short Blades   | 6 9 |  9.1

Action                   |  1- 3 |  4- 6 |  7- 9 || total
-------------------------+-------+-------+-------++-------
Melee: Dagger            |     2 |     4 |    48 ||    54
Evoke: Wand              |       |       |     3 ||     3
  Use: Scroll            |       |       |     1 ||     1
       Potion            |       |       |     3 ||     3
 Stab: Sleeping          |     2 |     4 |     9 ||    15
Dodge: Dodged            |       |       |    67 ||    67
